 Dungeon Crawl Stone Soup version 0.30-a0-728-gc68057be0a (webtiles) character file.

Game seed: 4878013803139330568

5945 Lans the Blocker (level 11, 0/83 (86) HPs)
             Began as a Formicid Fighter on Jan 30, 2023.
             Was an Elder of Okawaru.
             Killed from afar by an electric eel (4 damage)
             ... with a bolt of electricity
             ... on level 9 of the Dungeon.
             The game lasted 00:21:36 (8840 turns).

Lans the Blocker (Formicid Fighter)                 Turns: 8840, Time: 00:21:37

HP:   0/83 (86)     AC: 18    Str: 31    XL:     11   Next: 9%
MP:   0/15          EV: 11    Int:  8    God:    Okawaru [****..]
Gold: 632           SH: 18    Dex: 13    Spells: 10/10 levels left

rFire   . . .      SeeInvis +    a - +0 battleaxe
rCold   . . .      Faith    .    b - +2 tower shield
rNeg    . . .      Spirit   +    c - +2 plate armour
rPois   .          Reflect  .    (helmet unavailable)
rElec   .          Harm     .    e - +0 cloak
rCorr   .          Rampage  .    d - +0 pair of gloves
Will    +....                    (no boots) Stlth
                                 u - amulet of guardian spirit
HPRegen 0.33/turn                r - +5 ring of evasion
MPRegen 0.14/turn                q - +6 ring of strength

@: studying Ranged Weapons, lightly drained
A: permanent stasis, dig shafts and tunnels, antennae 3, four strong arms
a: Dig, Shaft Self, Renounce Religion, Heroism, Finesse


You were on level 9 of the Dungeon.
You worshipped Okawaru.
Okawaru was greatly pleased with you.
You visited 2 branches of the dungeon, and saw 10 of its levels.

You collected 632 gold pieces.

Inventory:

Hand Weapons
 a - a +0 battleaxe (weapon)
 o - a +0 flail
 J - a +0 broad axe
 N - a +4 morningstar
Armour
 b - a +2 tower shield (worn)
 c - a +2 plate armour (worn)
 d - a +0 pair of gloves (worn)
 e - a +0 cloak (worn)
 O - a +0 plate armour
 Q - a +0 buckler
 T - the +1 chain mail of Whack-A-Mole {Stlth+}
   (You found it on level 4 of the Dungeon)

   Stlth:     It makes you more stealthy.
Jewellery
 f - a ring of protection from cold
 q - a +6 ring of strength (right hand)
 r - a +5 ring of evasion (left hand)
 u - an amulet of guardian spirit (around neck)
 B - a +6 ring of intelligence
 D - a ring of positive energy
Wands
 v - a wand of flame (29)
 C - a wand of digging (7)
 L - a wand of roots (24)
 S - a wand of paralysis (13)
Scrolls
 g - 2 scrolls of immolation {unknown}
 h - 14 scrolls of identify {unknown}
 j - 4 scrolls of teleportation {unknown}
 m - 2 scrolls of blinking {unknown}
 n - a scroll of poison {unknown}
 w - a scroll of noise {unknown}
 y - 3 scrolls of summoning {unknown}
 G - 2 scrolls of vulnerability {unknown}
 H - a scroll of enchant armour {unknown}
 I - a scroll of silence {unknown}
 K - a scroll of magic mapping {unknown}
 M - a scroll of enchant weapon {unknown}
 R - a scroll of fear {unknown}
Potions
 i - 2 potions of curing {unknown}
 k - 2 potions of might
 l - a potion of flight {unknown}
 s - 2 potions of magic {unknown}
 t - a potion of resistance {unknown}
 x - 2 potions of attraction {unknown}
 z - a potion of mutation {unknown}
 A - a potion of haste {unknown}
 F - a potion of heal wounds {unknown}


   Skills:
 + Level 8.2 Fighting
 + Level 7.2 Axes
 + Level 8.4 Armour
 + Level 10.0 Shields
 + Level 6.6 Invocations
 + Level 5.7 Evocations


You had 10 spell levels left.
You didn't know any spells.
Your spell library contained the following spells:

 Spells                   Type           Power      Damage    Failure   Level
 Static Discharge         Conj/Air       0%         2-2/arc   100%        2
 Frozen Ramparts          Ice            0%         1d1       100%        3
 Portal Projectile        Hex/Tloc       0%         N/A       100%        3
 Vhi's Electric Charge    Tloc/Air       0%         N/A       100%        3
 Ice Form                 Ice/Tmut       0%         N/A       100%        4
 Passage of Golubria      Tloc           0%         N/A       100%        4
 Arcjolt                  Conj/Air       0%         1d10      100%        5
 Blade Hands              Tmut           0%         N/A       100%        5
 Lightning Bolt           Conj/Air       0%         1d11      100%        5
 Yara's Violent Unravell  Hex/Tmut       0%         3d3       100%        5
 Tukima's Dance           Hex            Unusable   N/A       N/A         3
 Summon Ice Beast         Ice/Summ       Unusable   N/A       N/A         4

Dungeon Overview and Level Annotations

Branches:
Dungeon (9/15)             Temple (1/1) D:5
   Lair: D:8-11         Orc: D:9-12

Altars:
Ashenzari
Cheibriados
Dithmenos
Elyvilon
Fedhas
Hepliaklqana
Kikubaaqudgha
Makhleb
Okawaru
Qazlal
Sif Muna
Trog
Uskayaw
Vehumet
Wu Jian
Xom
Yredelemnul
Zin

Shops:
D:7 (


Innate Abilities, Weirdness & Mutations

You cannot be hasted, slowed, berserked, paralysed or teleported.
You can dig through walls and to a lower floor.
You have a pair of large antennae on your head. (SInv)
Your four strong arms can wield two-handed weapons with a shield.


Message History

The electric eel is moderately wounded.
You closely miss the electric eel.
The electric eel is moderately wounded.
The electric eel shoots out a bolt of lightning at you!
The bolt of electricity hits you. x2
The bolt of electricity misses the electric eel.
You hit the electric eel.
The electric eel is heavily wounded.
The electric eel shoots out a bolt of lightning at you!
The bolt of electricity hits you but does no damage.
The bolt of electricity misses you.
The bolt of electricity hits the electric eel.
The electric eel completely resists.
You miss the electric eel.
The electric eel is heavily wounded.
The electric eel shoots out a bolt of lightning at you!
The bolt of electricity hits you! x2
The bolt of electricity misses the electric eel.
You miss the electric eel.
The electric eel is heavily wounded.
The electric eel shoots out a bolt of lightning at you!
The bolt of electricity hits you!
* * * LOW HITPOINT WARNING * * *
The bolt of electricity hits you.
* * * LOW HITPOINT WARNING * * *
The bolt of electricity hits the electric eel.
The electric eel completely resists.
The electric eel shoots out a bolt of lightning at you!
The bolt of electricity hits you!
* * * LOW HITPOINT WARNING * * *
The bolt of electricity hits you.
* * * LOW HITPOINT WARNING * * *
The bolt of electricity hits the electric eel.
The electric eel completely resists.
You miss the electric eel.
The electric eel is heavily wounded.
The electric eel shoots out a bolt of lightning at you!
The bolt of electricity hits you but does no damage.
The bolt of electricity hits you.
You die...

≈≈≈~~~PP≈~~..#.
≈~~~≈≈≈≈≈≈≈~.P~...
P~~~≈≈≈≈≈≈~~≈.~..
~.~~P~~≈≈≈≈≈PPP..
.~P..~P~~≈≈≈≈~~~
.....~..≈P≈≈≈≈~.
#.###.....:.S~.~~≈≈~
#.....# #..@.P.≈≈≈≈
#######<## #.....~.≈≈≈
.......#.# #.###..~.≈≈
#.#####.####.####...#≈
#...................#
########.###..##...##
#.# #..# ## #.# #....
#.# ##.###


You could see an electric eel.

Vanquished Creatures
  A two-headed ogre (D:8)
  The ghost of Jano the Grappler, a novice TrMo of Cheibriados (D:7)
  A cyclops (D:7)
  A komodo dragon (D:8)
  A wyvern (D:8)
  Grum (D:8)
  3 water moccasins
  4 orc warriors (D:7)
  2 black bears (D:7)
  3 ice beasts
  A sky beast (D:8)
  4 wolves (D:8)
  A centaur (D:7)
  2 ogres (D:5)
  3 kobold brigands
  3 bullfrogs
  A necrophage (D:7)
  3 scorpions
  9 wights
  A quasit (D:4)
  4 hounds
  4 orc priests (D:7)
  A jelly (D:8)
  7 iguanas
  Natasha (thrice) (D:3)
  5 orc wizards
  7 gnolls
  2 adders
  3 shadow imps (D:4)
  2 white imps
  3 ufetubi
  2 worms (D:3)
  4 dart slugs
  42 orcs
  4 bats
  2 endoplasms
  7 giant cockroaches
  3 goblins
  2 hobgoblins
  5 jackals (D:1)
  4 quokkas
  5 ball pythons
  6 frilled lizards
  19 kobolds
  3 rats (D:3)
195 creatures vanquished.

Vanquished Creatures (others)
  A demonic plant (D:4)
  2 plants (D:8)
3 creatures vanquished.

Grand Total: 198 creatures vanquished

Notes
Turn   | Place    | Note
-------+----------+-------------------------------------------
     0 | D:1      | Lans the Formicid Fighter began the quest for the Orb.
     0 | D:1      | Reached XP level 1. HP: 18/18 MP: 1/1
    95 | D:1      | Reached XP level 2. HP: 24/24 MP: 2/2
   414 | D:1      | Reached XP level 3. HP: 29/29 MP: 3/3
  1539 | D:2      | Found a broken altar of Ashenzari.
  1665 | D:3      | Reached XP level 4. HP: 8/37 MP: 4/4
  1942 | D:3      | Reached XP level 5. HP: 29/42 MP: 5/5
  2011 | D:3      | Found an ornate altar of the Wu Jian Council.
  2012 | D:3      | Noticed Natasha
  2022 | D:3      | Killed Natasha
  2023 | D:3      | Reached skill level 5 in Shields
  2396 | D:3      | Noticed Natasha
  2398 | D:3      | Found a stormy altar of Qazlal.
  2405 | D:3      | Killed Natasha
  2583 | D:3      | Noticed Natasha
  2593 | D:3      | Killed Natasha
  2594 | D:3      | Reached XP level 6. HP: 49/49 MP: 6/6
  3090 | D:4      | Identified the +1 chain mail of Whack-A-Mole {Stlth+}
  3386 | D:4      | Reached XP level 7. HP: 45/55 MP: 7/7
  3506 | D:4      | Found a hide-covered altar of Uskayaw.
  3506 | D:4      | Found an ancient bone altar of Kikubaaqudgha.
  3512 | D:4      | Found a shadowy altar of Dithmenos.
  3521 | D:4      | Found a bloodstained altar of Trog.
  3524 | D:4      | Found a basalt altar of Yredelemnul.
  3528 | D:4      | Found a shimmering altar of Xom.
  3645 | D:5      | Entered Level 5 of the Dungeon
  3677 | D:5      | Reached skill level 5 in Fighting
  3677 | D:5      | Reached skill level 5 in Armour
  3677 | D:5      | Reached skill level 6 in Shields
  4123 | D:5      | Found a hazy altar of Hepliaklqana.
  4136 | D:5      | Found a staircase to the Ecumenical Temple.
  4142 | Temple   | Entered the Ecumenical Temple
  4215 | Temple   | Became a worshipper of Warmaster Okawaru
  4365 | D:5      | Reached XP level 8. HP: 56/63 MP: 8/8
  4535 | D:5      | Reached skill level 1 in Invocations
  4934 | D:6      | Reached skill level 7 in Shields
  5418 | D:6      | Reached skill level 5 in Axes
  5424 | D:6      | Reached skill level 1 in Evocations
  5467 | D:6      | Reached * piety under Okawaru
  5531 | D:6      | Reached XP level 9. HP: 69/69 MP: 11/11
  5867 | D:7      | Found a runed translucent gate.
  5867 | D:7      | Noticed Jano's ghost (novice TrMo)
  5868 | D:7      | Found a runed translucent gate.
  5869 | D:7      | Found a runed translucent gate.
  5981 | D:7      | Found Gianosk's Weapon Boutique.
  6295 | D:7      | Reached skill level 8 in Shields
  6373 | D:7      | Reached ** piety under Okawaru
  6770 | D:7      | Noticed a cyclops
  6815 | D:7      | Killed a cyclops
  6816 | D:7      | Reached XP level 10. HP: 17/79 MP: 3/13
  7335 | D:7      | Reached skill level 5 in Invocations
  7356 | D:7      | Killed Jano's ghost
  7357 | D:7      | Reached skill level 9 in Shields
  7403 | D:7      | Reached *** piety under Okawaru
  7766 | D:8      | Noticed a komodo dragon
  7780 | D:8      | Killed a komodo dragon
  7781 | D:8      | Reached skill level 5 in Evocations
  8073 | D:8      | Noticed a two-headed ogre
  8086 | D:8      | Killed a two-headed ogre
  8353 | D:8      | Reached XP level 11. HP: 86/86 MP: 15/15
  8547 | D:8      | Noticed Grum
  8553 | D:8      | Reached **** piety under Okawaru
  8553 | D:8      | Received a gift from Okawaru
  8574 | D:8      | Killed Grum
  8575 | D:8      | Reached skill level 10 in Shields
  8839 | D:9      | HP: 4/83 [electric eel/bolt of electricity (5)]
  8840 | D:9      | Killed from afar by an electric eel

Illustrated notes

Levels and vault maps discovered:
D:1:      ncdulo_smallfort, layout_basic
D:2:      layout_basic, basic_altar
D:3:      layout_basic, mainiacjoe_overflow_chevrons, grunt_qazlal_sundering,
          uniq_natasha
D:4:      layout_basic, nicolae_overflow_hallway_of_the_gods, serial_demonic,
          serial_demonic_a, serial_demonic_a, serial_demonic_e,
          serial_demonic_f, corner_web_ring
D:5:      layout_loops_ring, mainiacjoe_overflow_concentric_impassable,
          minmay_temple_entry_enclosed_plants, corexii_item_surrounded_by_moat
D:6:      layout_basic, minivault_22, minivault_22, kennysheep_cross_room
D:7:      minmay_chambers_of_fours, layout_basic, serial_shops,
          nicolae_square_shop, biasface_ghost_orc_armoury,
          minmay_manual_monolith
D:8:      minmay_inner_zag, layout_loops_cross, minmay_lizard_king, uniq_grum
D:9:      gammafunk_sealed_arena, layout_loops_ring,
          nicolae_tso_swordbearing_angel, nicolae_ru_the_path_less_chosen,
          gammafunk_ghost_icy, serial_shops, shop, chequers_big_river
Temple:   nicolae_temple_figure_zero

Skill      XL: |  1  2  3  4  5  6  7  8  9 10 11 |
---------------+----------------------------------+-----
Armour         | 4 5 6 7 8 |  8.4
Fighting       | 4 5 6 7 8 |  8.2
Axes           | 3 4 5 6 7 |  7.2
Shields        | 5 6 7 8 9 10 | 10.0
Invocations    | 3 4 6 |  6.6
Evocations     | 1 3 5 |  5.7

Action                     |  1- 3 |  4- 6 |  7- 9 | 10-12 || total
---------------------------+-------+-------+-------+-------++-------
  Melee: War axe           |   100 |   110 |    47 |       ||   257
         Broad axe         |       |       |    56 |       ||    56
         Battleaxe         |       |       |   129 |   199 ||   328
 Invoke: Heroism           |       |       |       |     1 ||     1
Ability: Dig               |     1 |     4 |     4 |     1 ||    10
 Armour: Scale mail        |    41 |    76 |       |       ||   117
         Chain mail        |       |     3 |   112 |    21 ||   136
         Plate armour      |       |       |       |    41 ||    41
  Dodge: Dodged            |    52 |    73 |   152 |    71 ||   348
  Block: Buckler           |    27 |    41 |    77 |     9 ||   154
         Tower shield      |       |       |       |   180 ||   180

Table legend: (Time is in decaauts)
 A = Elapsed time spent in this place.
 B = Non-inter-level travel time spent in this place.
 C = Inter-level travel time spent in this place.
 D = Time resting spent in this place.
 E = Time spent auto-exploring this place.
 F = Levels seen in this place.
 G = Mean time per level.
                   A        B        C        D        E       F      G
               +--------+--------+--------+--------+--------+-----+--------+
         Total |   9123 |   8930 |    193 |      0 |   6337 |  10 |  912.3 |
       Dungeon |   9036 |   8843 |    193 |      0 |   6337 |   9 | 1004.0 |
        Temple |     86 |     86 |      0 |      0 |      0 |   1 |   86.0 |
               +--------+--------+--------+--------+--------+-----+--------+

Top non-repeatable levels by time:
     D:7: 1813 daAuts
     D:8: 1256 daAuts
     D:3: 1216 daAuts
     D:1: 1213 daAuts
     D:5: 1083 daAuts
     D:6: 1000 daAuts
     D:4: 977 daAuts
     D:2: 442 daAuts
  Temple: 86 daAuts
     D:9: 33 daAuts
